AoeStats
← Deadpool865041

Arena

510470680Analyzed
1v1 RM · 2d ago on Oct 1, 2026· 55m 53s· 2 players
Game mode
Random Map
Map size
Tiny (2 player)
Population
200
Speed
Normal
Resources
Standard
Victory
Conquest
Starting age
Dark Age
Ending age
Imperial Age
RankedLock teamsTeams togetherTeam positionsShared explorationLock speedFull tech treeHidden civsTurbo modeCheats
Victory
Defeat
🇨🇴 Gurjaras · Colombia
838
+16
🇲🇽 Bohemians · Mexico
848
-16
mcalebsantiago
10:25 Feudal Age
14:48 Castle Age
12:59 Horse Collar
13:12 Double-Bit Axe
13:48 Gold Mining
14:00 Stone Mining
14:40 Loom
27:14 Fervor
27:18 Fletching
27:28 Padded Archer Armor
27:20 Town Watch
34:41 Kshatriyas
39:42 Imperial Age
39:21 Scale Barding Armor
39:17 Scale Mail Armor
39:27 Forging
39:35 Bloodlines
39:25 Husbandry
38:56 Elite Skirmisher
41:55 Chemistry
43:30 Bodkin Arrow
43:50 Leather Archer Armor
43:56 Chain Barding Armor
44:11 Iron Casting
47:11 Bracer
47:46 Plate Barding Armor
47:04 Elite Shrivamsha Rider
Deadpool865041
4:25 Loom
11:27 Feudal Age
15:49 Castle Age
29:22 Chemistry
28:44 Ballistics
30:45 Fletching
33:07 Bodkin Arrow
39:41 Imperial Age
39:48 Double-Bit Axe
46:07 Wagenburg Tactics
46:51 Bow Saw
Connection lost

Rejoining the realm…

Still unreachable

The connection could not be restored.

Session expired

The server has moved on; the page needs a fresh start.